 Dungeon Crawl Stone Soup version 0.20.1-1-g8b1a95d (webtiles) character file.

10214 MovingMist the Cleaver (level 11, -6/92 HPs)
             Began as a Deep Dwarf Fighter on Nov 19, 2017.
             Was an Elder of Makhleb.
             Killed from afar by an ice dragon (38 damage)
             ... with a blast of cold
             ... on level 10 of the Dungeon.
             The game lasted 00:35:01 (8784 turns).

MovingMist the Cleaver (Deep Dwarf Fighter)         Turns: 8784, Time: 00:35:02

Health: -6/92      AC: 18    Str: 23    XL:     11   Next: 33%
Magic:  20/20      EV: 11    Int:  8    God:    Makhleb [****..]
Gold:   448        SH:  0    Dex: 13    Spells: 5/10 levels left

rFire    . . .     SeeInvis .   B - +3 battleaxe
rCold    . . .     Gourm    .   (shield currently unavailable)
rNeg     . . .     Faith    .   F - +0 plate armour (curse)
rPois    .         Spirit   .   (no helmet)
rElec    .         Reflect  .   E - +2 cloak
rCorr    .         Harm     .   (no gloves)
MR       +....     Clarity  +   g - +0 pair of boots
Stlth    ..........             (no amulet)
Regen    0.0/turn               j - ring of magical power
MPRegen  0.2/turn               m - ring of wizardry

@: non-regenerating
A: damage resistance, heal wounds, clarity, frail 1, sense surroundings 2, no
regeneration
a: Heal Wounds, Minor Destruction, Lesser Servant of Makhleb, Major Destruction,
Renounce Religion


You were on level 10 of the Dungeon.
You worshipped Makhleb.
Makhleb was greatly pleased with you.
You were hungry.

You visited 3 branches of the dungeon, and saw 12 of its levels.
You also visited: Ossuary.

You collected 618 gold pieces.
You spent 170 gold pieces at shops.

Inventory:

Hand Weapons
 a - a +0 war axe
 y - a +0 trident of flaming
 B - a +3 battleaxe (weapon)
 L - a +2 long sword of venom
Armour
 g - a +0 pair of boots (worn)
 r - a +2 chain mail of poison resistance
 D - a +1 cloak of poison resistance
 E - a +2 cloak (worn)
 F - a cursed +0 plate armour (worn)
Jewellery
 j - a ring of magical power (left hand)
 m - a ring of wizardry (right hand)
 U - an uncursed ring of stealth
Wands
 n - a wand of acid (8/15)
 A - a wand of digging (11/24)
 R - a wand of flame (30/48)
 V - a wand of clouds (2/9)
Scrolls
 c - a scroll of blinking
 e - 5 scrolls of recharging
 i - 6 scrolls of remove curse
 k - 2 scrolls of teleportation
 o - 4 scrolls of amnesia
 x - a scroll of random uselessness
 C - 2 scrolls of enchant armour
 G - a scroll of fear {unknown}
 H - a scroll of noise {unknown}
 J - a scroll of immolation {unknown}
 N - 2 scrolls of enchant weapon
 Q - 3 scrolls of vulnerability {unknown}
 T - a scroll of fog {unknown}
 X - a scroll of identify
Potions
 b - 2 potions of brilliance {unknown}
 d - 3 potions of might
 h - a potion of magic
 q - 3 potions of curing
 s - 2 potions of lignification
 t - 2 potions of invisibility {unknown}
 u - 2 potions of resistance {unknown}
 w - a potion of cancellation
 z - a potion of flight {unknown}
 I - a potion of haste {unknown}
 K - 7 potions of heal wounds
 O - a potion of degeneration {unknown}
Books
 M - a book of Minor Magic

   Spells                             Type                      Level
   a - Magic Dart                     Conjuration                  1
   b - Blink                          Translocation                2
   c - Call Imp                       Summoning                    2
   d - Slow                           Hexes                        2
   e - Conjure Flame                  Conjuration/Fire             3
   f - Mephitic Cloud                 Conjuration/Poison/Air       3
 S - a book of Misfortune

   Spells                             Type                      Level
   a - Confusing Touch                Hexes                        1
   b - Confuse                        Hexes                        3
   c - Gell's Gravitas                Translocation                3
   d - Petrify                        Transmutation/Earth          4
   e - Metabolic Englaciation         Hexes/Ice                    5
   f - Yara's Violent Unravelling     Hexes/Transmutation          5
 W - a book of Air

   Spells                             Type                      Level
   a - Shock                          Conjuration/Air              1
   b - Swiftness                      Charms/Air                   2
   c - Static Discharge               Conjuration/Air              3
   d - Airstrike                      Air                          4
   e - Lightning Bolt                 Conjuration/Air              5
Comestibles
 f - 4 bread rations
 l - 7 royal jellies
 p - 5 meat rations
 v - 7 fruits
 P - 6 chunks of flesh


   Skills:
 + Level 8.1 Fighting
 + Level 9.4 Axes
 + Level 8.3 Armour
 + Level 9.3 Dodging
   Level 5.9 Shields
 + Level 8.6 Invocations


You had 5 spell levels left.
You knew the following spells:

 Your Spells              Type           Power        Failure   Level  Hunger
a - Blink                 Tloc           N/A          97%         2    ###....
b - Confuse               Hex            #.......     99%         3    ####...


Dungeon Overview and Level Annotations

Branches:
Dungeon (10/15)            Temple (1/1) D:5            Lair (1/6) D:8
    Orc (0/2) D:9

Altars:
Ashenzari
Cheibriados
Dithmenos
Elyvilon
Fedhas
Gozag
Hepliaklqana
Kikubaaqudgha
Makhleb
Nemelex Xobeh
Okawaru
Qazlal
Ru
Sif Muna
Trog
Uskayaw
Vehumet
Xom
Yredelemnul
Zin
The Shining One
Beogh

Shops:
D:4 ?


Innate Abilities, Weirdness & Mutations

You are resistant to damage.
You can heal yourself by infusing magical energy.
You passively map the area around you.
You do not regenerate.
You possess an exceptional clarity of mind.
You are frail. (-10% HP)


Message History

The sky beast hits you but does no damage.
You barely miss the sky beast.
The sky beast hits you but does no damage.
You miss the sky beast.
The sky beast hits you but does no damage.
You closely miss the sky beast.
The sky beast hits you but does no damage.
You closely miss the sky beast. The sky beast barely misses you. x2
The ice dragon roars deafeningly!
You hit the sky beast but do no damage. The sky beast closely misses you.
You slice the sky beast!!
The sky beast is almost dead.
The sky beast barely misses you.
Some of the chunks of flesh in your inventory have rotted away.
You slice the sky beast!!
You kill the sky beast!
Makhleb accepts your kill. The ice dragon breathes frost at you.
The blast of cold hits you!
You die...

...........#.##...#.......... **,
....................#....#... ,,
.....................(...#...
,........####.##..####).(((... ,
.#.####.# #...........####..( * ,
* #.# ##D##........# #.## * , #.
#.# ##.##.#####.## #... ,,* #.
#.# #.†##.#####.####### *,
,#.####.###.@##...........###
#........)......####.######. ,,
#......##...#.....##.######. *#
#......##...#.....+.........
.##.#......##...#.....##.#.####.
........##...............#.####.
*.##..#...######.......#.......#.
#. ###...####.##..#.#.......#. #
###...##.##............#.


You could see an ice dragon.

Vanquished Creatures
  3 two-headed ogres
  Pikel (D:4)
  Maurice (D:8)
  Grinder (D:5)
  Sigmund (D:5)
  A wyvern (D:9)
  A hungry ghost (D:9)
  A steam dragon (D:7)
  Grum (D:7)
  Menkaure (D:5)
  Edmund (D:5)
  A water moccasin (D:5)
  9 orc warriors
  An eye of draining (D:9)
  3 sky beasts
  A black bear (D:8)
  2 ice beasts
  2 phantoms
  4 wolves (D:7)
  6 ogres
  5 centaurs
  Blork the orc (D:5)
  6 bullfrogs
  A wyvern skeleton (D:9)
  11 killer bees
  The ghost of Folque the Magician, a weakling OpWz (D:3)
  2 howler monkeys
  2 bullfrog zombies
  5 crimson imps
  3 hounds
  Crazy Yiuf (D:5)
  9 orc wizards
  8 orc priests
  3 jellies
  2 centaur skeletons
  4 iguanas
  8 worker ants
  5 big kobold zombies (Ossuary)
  2 hound zombies (D:5)
  2 hound skeletons
  A mummy (Ossuary)
  2 worker ant zombies (D:6)
  4 gnolls (D:4)
  7 adders
  A shadow imp (D:6)
  2 adder skeletons
  3 worms
  2 dart slugs
  2 leopard geckos
  41 orcs
  3 spectral bats (Ossuary)
  5 bats
  5 giant cockroaches
  4 goblins
  8 hobgoblins
  11 jackals
  10 quokkas
  2 ball pythons
  3 bat simulacra (Ossuary)
  4 frilled lizards
  7 gnoll zombies (Ossuary)
  5 goblin simulacra (Ossuary)
  3 goblin zombies (Ossuary)
  6 hobgoblin zombies (Ossuary)
  A jackal skeleton (D:4)
  3 kobolds
  2 kobold simulacra (Ossuary)
  4 kobold zombies (Ossuary)
  5 orc zombies (Ossuary)
  5 rats
  A rat simulacrum (Ossuary)
  4 spectral goblins (Ossuary)
  4 spectral kobolds (Ossuary)
  3 spectral rats (Ossuary)
296 creatures vanquished.

Vanquished Creatures (collateral kills)
  A black bear (D:9)
1 creature vanquished.

Vanquished Creatures (others)
  Erica (D:8)
1 creature vanquished.

Grand Total: 298 creatures vanquished

Notes
Turn   | Place    | Note
-------+----------+-------------------------------------------
     0 | D:1      | MovingMist the Deep Dwarf Fighter began the quest for the Orb.
     0 | D:1      | Reached XP level 1. HP: 20/20 MP: 1/1
   212 | D:1      | Reached XP level 2. HP: 27/27 MP: 2/2
   339 | D:1      | Reached skill level 1 in Dodging
   767 | D:1      | Reached XP level 3. HP: 29/34 MP: 3/3
  1885 | D:3      | Reached XP level 4. HP: 24/42 MP: 4/4
  1933 | D:3      | Found a glowing silver altar of Zin.
  2179 | D:3      | Noticed Folque's ghost (weakling OpWz)
  2206 | D:3      | Killed Folque's ghost
  2604 | D:4      | Found Fodic's Magic Scroll Emporium.
  2612 | D:4      | Bought a scroll of identify for 22 gold pieces
  2612 | D:4      | Bought a scroll of identify for 22 gold pieces
  2612 | D:4      | Bought a scroll of identify for 22 gold pieces
  2612 | D:4      | Bought a scroll of identify for 22 gold pieces
  2612 | D:4      | Bought a scroll of enchant weapon for 82 gold pieces
  2641 | D:4      | Reached XP level 5. HP: 40/49 MP: 5/5
  2781 | D:4      | Noticed an orc warrior
  3008 | D:4      | Noticed a slave
  3009 | D:4      | Noticed a slave
  3010 | D:4      | Noticed a slave
  3010 | D:4      | Noticed Pikel
  3010 | D:4      | Noticed a slave
  3053 | D:4      | Killed Pikel
  3053 | D:4      | Reached skill level 5 in Shields
  3053 | D:4      | Reached XP level 6. HP: 23/58 MP: 6/6
  3053 | D:4      | Reached XP level 7. HP: 26/66 MP: 7/7
  3084 | D:4      | Found a shimmering altar of Xom.
  3084 | D:4      | Found a shattered altar of Ashenzari.
  3272 | D:4      | Reached skill level 5 in Axes
  3847 | D:5      | Entered Level 5 of the Dungeon
  3850 | D:5      | Noticed Grinder
  3878 | D:5      | Paralysed by Grinder for 4 turns
  3888 | D:5      | Killed Grinder
  3888 | D:5      | Reached skill level 5 in Fighting
  3888 | D:5      | Reached skill level 5 in Dodging
  3888 | D:5      | Reached XP level 8. HP: 31/74 MP: 7/7
  3914 | D:5      | Noticed Edmund
  3931 | D:5      | Killed Edmund
  4168 | D:5      | Found a staircase to the Ecumenical Temple.
  4173 | Temple   | Entered the Ecumenical Temple
  4232 | Temple   | Became a worshipper of Makhleb the Destroyer
  4382 | D:5      | Reached skill level 1 in Invocations
  4426 | D:5      | Noticed Blork the orc
  4432 | D:5      | Killed Blork the orc
  4538 | D:5      | Gained mutation: You are frail. (-10% HP) [potion of mutation]
  4538 | D:5      | Gained mutation: You possess an exceptional clarity of mind. [potion of mutation]
  4647 | D:5      | Noticed Menkaure
  4658 | D:5      | Killed Menkaure
  4777 | D:5      | Found a runed door.
  4782 | D:5      | Noticed Crazy Yiuf
  4802 | D:5      | Killed Crazy Yiuf
  4802 | D:5      | Reached skill level 5 in Armour
  4941 | D:5      | Noticed Sigmund
  4953 | D:5      | Killed Sigmund
  4953 | D:5      | Gained mutation: You passively map the area around you. [Deep Dwarf growth]
  4953 | D:5      | Reached XP level 9. HP: 59/73 MP: 8/8
  5081 | D:6      | Reached * piety under Makhleb
  5135 | D:6      | Noticed a two-headed ogre
  5142 | D:6      | Killed a two-headed ogre
  5150 | D:6      | Found a sand-covered staircase.
  5155 | Ossuary  | Entered an ossuary
  5384 | Ossuary  | Reached ** piety under Makhleb
  5765 | D:6      | Reached skill level 5 in Invocations
  6322 | D:7      | Learned a level 2 spell: Blink
  6377 | D:7      | Reached *** piety under Makhleb
  6670 | D:7      | Reached XP level 10. HP: 63/82 MP: 11/11
  6736 | D:7      | Found a hazy altar of Hepliaklqana.
  6984 | D:8      | Noticed Grum
  7029 | D:7      | Killed Grum
  7074 | D:8      | Noticed Erica
  7092 | D:8      | Killed Erica
  7158 | D:8      | Learned a level 3 spell: Confuse
  7202 | D:8      | Noticed Maurice
  7263 | D:8      | Killed Maurice
  7274 | D:8      | Got a pair of ancient gloves
  7275 | D:8      | Identified the cursed +0 pair of gloves "Moasmuryv" {+Inv rN+ Int-4} (You found it on level 8 of the Dungeon)
  7401 | D:8      | Found a staircase to the Lair.
  7410 | Lair:1   | Entered Level 1 of the Lair of Beasts
  7500 | D:9      | Reached **** piety under Makhleb
  7538 | D:9      | Found a roughly hewn altar of Beogh.
  7625 | D:9      | Found a staircase to the Orcish Mines.
  7882 | D:9      | Reached XP level 11. HP: 38/91 MP: 11/11
  7949 | D:9      | Found an opulent altar of Gozag.
  8464 | D:10     | Entered Level 10 of the Dungeon
  8633 | D:10     | Noticed a two-headed ogre
  8643 | D:10     | Killed a two-headed ogre
  8674 | D:10     | Noticed an ice dragon
  8687 | D:10     | Noticed a two-headed ogre
  8773 | D:10     | Killed a two-headed ogre
  8784 | D:10     | Killed from afar by an ice dragon

Skill      XL: |  1  2  3  4  5  6  7  8  9 10 11 |
---------------+----------------------------------+-----
Fighting       | 3 4 5 6 7 8 |  8.1
Dodging        | 1 2 4 5 6 7 8 9 |  9.3
Shields        | 4 5 |  5.9
Axes           | 3 4 5 6 7 8 9 |  9.4
Armour         | 5 6 7 8 |  8.3
Invocations    | 3 5 7 8 |  8.6

Action                   |  1- 3 |  4- 6 |  7- 9 | 10-12 || total
-------------------------+-------+-------+-------+-------++-------
Melee: War axe           |   163 |   117 |    44 |       ||   324
       Battleaxe         |       |       |   381 |   434 ||   815
Invok: Lesser Servant of |       |       |       |     2 ||     2
 Abil: Heal Wounds       |       |     2 |    11 |    12 ||    25
  Use: Scroll            |       |     8 |     8 |     2 ||    18
       Potion            |       |       |     2 |       ||     2
  Eat: Chunk             |     3 |     4 |     9 |    10 ||    26
       Bread ration      |       |       |     1 |     1 ||     2
Armor: Scale mail        |    21 |       |       |       ||    21
       Chain mail        |    48 |    52 |   178 |   133 ||   411
       Plate armour      |       |       |       |   234 ||   234
Dodge: Dodged            |    63 |    25 |   221 |   319 ||   628
Block: Shield            |    95 |    57 |    29 |       ||   181
